 Dungeon Crawl Stone Soup version 0.17.0 (webtiles) character file.

13818 patrick the Martial Artist (level 12, 0/81 HPs)
             Began as an Octopode Monk on Nov 15, 2015.
             Was the Champion of Cheibriados.
             Slain by a centaur (7 damage)
             ... on level 11 of the Dungeon.
             The game lasted 00:25:32 (12672 turns).

patrick the Martial Artist (Octopode Monk)         Turns: 12672, Time: 00:25:32

Health: 0/81       AC:  1    Str: 27    XL:     12   Next: 10%
Magic:  18/28      EV: 22    Int: 31    God:    Cheibriados [******]
Gold:   371        SH:  0    Dex: 29    Spells: 8 memorised, 0 levels left

rFire  + . .     SeeInvis .       - Unarmed
rCold  . . .     Clarity  .     (no shield)
rNeg   . . .     SustAt   .     (helmet restricted)
rPois  .         Gourm    .     j - amulet of faith
rElec  .         Spirit   .     i - ring of magical power
rCorr  .         Warding  .     f - ring of stealth
rMut   .         Stasis   .     k - ring of protection from fire
MR     .....                    m - ring of wizardry
Stlth  ++++++++..               s - ring of invisibility
                                (no ring)
                                (no ring)
                                (no ring)

@: repel missiles, very slow, not resistant to hostile enchantments,
extraordinarily stealthy
A: almost no armour, amphibious, 8 rings, constrict 8, fangs 1, camouflage 1,
dopey 1, strong 1, gelatinous body 1
a: Bend Time, Temporal Distortion, Slouch, Step From Time, Renounce Religion,
Evoke Invisibility


You were on level 11 of the Dungeon.
You worshipped Cheibriados.
Cheibriados was exalted by your worship.
You were not hungry.

You visited 2 branches of the dungeon, and saw 12 of its levels.

You collected 699 gold pieces.
You spent 328 gold pieces at shops.

Inventory:

Hand Weapons
 b - a +0 blowgun
Missiles
 N - 8 curare-tipped needles
Magical Staves
 c - an uncursed staff of power
Jewellery
 a - an uncursed amulet of stasis
 f - a ring of stealth (right tentacle)
 g - an uncursed ring of protection from fire
 i - a ring of magical power (left tentacle)
 j - an amulet of faith (around mantle)
 k - a ring of protection from fire (on tentacle)
 m - a ring of wizardry (on tentacle)
 s - a ring of invisibility (on tentacle)
 y - an uncursed amulet of resist corrosion
 O - the amulet "Repnom" {rF++ rC+ Regen+ Str-3, unknown}
   (You found it on level 11 of the Dungeon)

   [amulet of regeneration]

   It affects your strength (-3).
   It greatly protects you from fire.
   It protects you from cold.
   It increases your rate of regeneration.
Wands
 q - a wand of enslavement (12)
 A - a wand of fire (0)
 B - a wand of slowing (23)
 D - a wand of lightning (9)
Scrolls
 l - 11 scrolls of remove curse
 p - 2 scrolls of recharging
 H - a scroll of blinking
 J - a scroll of amnesia
 L - a scroll of enchant armour
Potions
 e - 2 potions of resistance
 h - 3 potions of flight
 n - 2 potions of brilliance
 o - a potion of mutation
 v - a potion of lignification
 x - 2 potions of magic
 K - 2 potions of might {unknown}
Books
 t - a book of Power

   Spells                             Type                      Level
   a - Fulminant Prism                Conjuration/Hexes            4
   b - Iskenderun's Mystic Blast      Conjuration                  4
   c - Venom Bolt                     Conjuration/Poison           5
   d - Bolt of Magma                  Conjuration/Fire/Earth       5
   e - Iron Shot                      Conjuration/Earth            6
   f - Orb of Destruction             Conjuration                  7
   g - Spellforged Servitor           Conjuration/Summoning        7
 u - a book of the Tempests

   Spells                             Type                      Level
   a - Static Discharge               Conjuration/Air              3
   b - Lightning Bolt                 Conjuration/Air              5
   c - Fireball                       Conjuration/Fire             5
   d - Tornado                        Air                          9
   e - Shatter                        Earth                        9
 w - a book of Maledictions

   Spells                             Type                      Level
   a - Corona                         Hexes                        1
   b - Ensorcelled Hibernation        Hexes/Ice                    2
   c - Confuse                        Hexes                        3
   d - Tukima's Dance                 Hexes                        3
   e - Dazzling Spray                 Conjuration/Hexes            3
 z - a book of Spatial Translocations

   Spells                             Type                      Level
   a - Apportation                    Translocation                1
   b - Blink                          Translocation                2
   c - Shroud of Golubria             Charms/Translocation         2
   d - Portal Projectile              Translocation                3
   e - Teleport Other                 Translocation                3
   f - Passage of Golubria            Translocation                4
 E - a book of Alchemy

   Spells                             Type                      Level
   a - Sublimation of Blood           Necromancy                   2
   b - Ignite Poison                  Fire/Transmutation/Poison    3
   c - Alistair's Intoxication        Transmutation/Poison         4
   d - Condensation Shield            Ice                          4
   e - Petrify                        Transmutation/Earth          4
   f - Irradiate                      Conjuration/Transmutation    5
 F - a book of Minor Magic

   Spells                             Type                      Level
   a - Magic Dart                     Conjuration                  1
   b - Blink                          Translocation                2
   c - Call Imp                       Summoning                    2
   d - Repel Missiles                 Charms/Air                   2
   e - Slow                           Hexes                        2
   f - Conjure Flame                  Conjuration/Fire             3
   g - Mephitic Cloud                 Conjuration/Poison/Air       3
 G - a book of Flames

   Spells                             Type                      Level
   a - Flame Tongue                   Conjuration/Fire             1
   b - Throw Flame                    Conjuration/Fire             2
   c - Conjure Flame                  Conjuration/Fire             3
   d - Inner Flame                    Hexes/Fire                   3
   e - Sticky Flame                   Conjuration/Fire             4
   f - Fireball                       Conjuration/Fire             5
Comestibles
 d - 8 meat rations
 C - 7 bread rations
 M - 6 fruits


   Skills:
 + Level 7.5 Fighting
 + Level 8.0 Dodging
 + Level 10.4 Stealth
 * Level 11.1 Unarmed Combat
 + Level 5.3 Spellcasting
 + Level 4.6 Conjurations
 + Level 5.7 Charms
 - Level 4.0 Translocations


You couldn't memorise any spells.
You knew the following spells:

 Your Spells              Type           Power        Failure   Level  Hunger
a - Apportation           Tloc           ####......   1%          1    None
b - Blink                 Tloc           N/A          1%          2    None
c - Shroud of Golubria    Chrm/Tloc      #####.....   1%          2    None
d - Repel Missiles        Chrm/Air       ####..       1%          2    None
e - Teleport Other        Tloc           ####....     1%          3    None
f - Conjure Flame         Conj/Fire      ###.....     3%          3    None
g - Mephitic Cloud        Conj/Pois/Air  ###.....     4%          3    None
h - Fireball              Conj/Fire      ###.......   32%         5    #####..


Dungeon Overview and Level Annotations

Branches:
Dungeon (11/15)            Temple (1/1) D:4            Lair (0/8) D:8
    Orc (0/4) D:11

Altars:
Ashenzari
Cheibriados
Dithmenos
Elyvilon
Fedhas
Gozag
Kikubaaqudgha
Makhleb
Nemelex Xobeh
Okawaru
Qazlal
Ru
Sif Muna
Trog
Vehumet
Xom
Yredelemnul
Zin
The Shining One

Shops:
D:9 :}}   D:10 *   D:11 (

Annotations:
D:3 Grinder


Innate Abilities, Weirdness & Mutations

You cannot wear most types of armour.
You are amphibious.
You can wear up to eight rings at the same time.
You can use your tentacles to constrict eight enemies at once.
Your skin changes colour to match your surroundings (Stealth).
Your rubbery body absorbs attacks (AC +1).
You have very sharp teeth.
You are dopey. (Int -2)
Your muscles are strong. (Str +2)


Message History

The poisoned arrow completely misses you.
The centaur is engulfed in noxious fumes.
The centaur appears confused.
Things that are here:
a club; an orc corpse You bludgeon the centaur!
You squeeze the centaur!
The centaur is almost dead.
The centaur shoots a poisoned arrow.
The poisoned arrow hits you!
* * * LOW HITPOINT WARNING * * *
The centaur unwields an uncursed shortbow.
The centaur hits you.
* * * LOW HITPOINT WARNING * * *
You fail to use your ability.
The centaur shoots a poisoned arrow.
The poisoned arrow is repelled.
The poisoned arrow barely misses the centaur.
The centaur barely misses you.
You fail to use your ability.
The centaur unwields an uncursed shortbow.
The centaur hits you!
You die...

#########..#.#..##.##.#
#.# #
...................##.#
#)# #
####......##.##.##.##.#
#.###
.............##.##.##.#
#....
####.##########.##.##.#
##### #.# #.##.##.# #
#.# #######.##.##.# #
#.# #.....(c##.##.# #
####.# #..(..))@c....#
# ..)..#
#######..#..### #
.##### #..# .# .# #o.#
# .##############..#
..........)......#..#
..########)).###.#..#
########### ..# #)).#
#.#..# #).(....... ..#
#####...###.#..#
#.#########


You could see 2 centaurs and an orc priest (confused).

Vanquished Creatures
  Erolcha (D:11)
  Sonja (D:11)
  2 hill giants
  An ugly thing (D:11)
  A manticore (D:11)
  A gargoyle (D:11)
  3 centaur skeletons (D:11)
  A fire drake (shapeshifter) (D:10)
  A two-headed ogre (D:11)
  9 yaks
  3 deep elf magi
  A deep elf fighter (D:6)
  Grum (D:8)
  2 hippogriffs (D:9)
  4 wolves (D:8)
  A water moccasin (D:7)
  2 ice beasts
  5 orc warriors
  A wasp (D:8)
  A sky beast (D:11)
  3 phantoms
  An eye of draining (D:10)
  5 ogres
  2 big kobolds
  18 centaurs
  6 giant frogs
  A scorpion (D:9)
  6 killer bees (D:10)
  A wyvern skeleton (D:9)
  A water moccasin skeleton (D:10)
  7 wights
  11 crimson imps
  5 jellies
  5 hounds
  2 gnoll shamans
  17 orc priests
  A quasit (D:9)
  3 giant frog skeletons
  9 orc wizards
  Terence (D:2)
  3 iguanas
  8 worker ants
  A killer bee zombie (D:11)
  2 hound zombies
  2 worker ant zombies
  Robin (D:3)
  12 gnolls
  15 adders
  4 shadow imps
  An adder zombie (D:10)
  5 worms
  An adder skeleton (D:4)
  5 giant geckos
  57 orcs
  15 bats
  6 giant cockroaches
  15 goblins
  12 hobgoblins
  5 jackals
  15 kobolds
  3 quokkas
  10 giant newts
  A jackal skeleton (D:5)
  2 quokka skeletons
  A quokka zombie (D:6)
  13 rats
362 creatures vanquished.

Vanquished Creatures (collateral kills)
  2 wights (D:6)
2 creatures vanquished.

Vanquished Creatures (others)
  An orc warrior (D:6)
  3 orcs
  A hobgoblin (D:3)
  2 jackals (D:3)
  2 goblins (D:3)
9 creatures vanquished.

Grand Total: 373 creatures vanquished

Notes
Turn   | Place    | Note
--------------------------------------------------------------
     0 | D:1      | patrick the Octopode Monk began the quest for the Orb.
     0 | D:1      | Reached XP level 1. HP: 16/16 MP: 1/1
   155 | D:1      | Reached XP level 2. HP: 17/21 MP: 2/2
   820 | D:1      | Reached XP level 3. HP: 26/26 MP: 3/3
  1533 | D:2      | Reached XP level 4. HP: 22/31 MP: 4/4
  1781 | D:2      | Noticed Terence
  1795 | D:2      | Killed Terence
  2043 | D:2      | Reached XP level 5. HP: 31/36 MP: 5/5
  2535 | D:3      | Reached skill level 5 in Unarmed Combat
  2634 | D:3      | Noticed Robin
  2641 | D:3      | Reached XP level 6. HP: 36/43 MP: 6/6
  2650 | D:3      | Reached skill level 5 in Stealth
  2677 | D:3      | Killed Robin
  2909 | D:3      | Noticed Grinder
  4026 | D:4      | Found a staircase to the Ecumenical Temple.
  4033 | Temple   | Entered the Ecumenical Temple
  4145 | Temple   | Became a worshipper of Cheibriados the Contemplative
  4145 | Temple   | Reached * piety under Cheibriados
  4145 | Temple   | Reached ** piety under Cheibriados
  4477 | D:5      | Entered Level 5 of the Dungeon
  4515 | D:5      | Reached skill level 6 in Unarmed Combat
  4515 | D:5      | Reached XP level 7. HP: 41/48 MP: 7/7
  4660 | D:5      | Reached *** piety under Cheibriados
  4894 | D:5      | Reached skill level 1 in Spellcasting
  4961 | D:5      | Reached skill level 5 in Dodging
  4961 | D:5      | Reached XP level 8. HP: 25/54 MP: 9/9
  5331 | D:5      | Learned a level 1 spell: Apportation
  5334 | D:5      | Learned a level 2 spell: Blink
  5337 | D:5      | Learned a level 2 spell: Shroud of Golubria
  5341 | D:5      | Learned a level 3 spell: Teleport Other
  5627 | D:6      | Reached **** piety under Cheibriados
  5681 | D:6      | Gained mutation: Your muscles are strong. (Str +2) [potion of mutation]
  5681 | D:6      | Gained mutation: You have very sharp teeth. [potion of mutation]
  5681 | D:6      | Gained mutation: You are dopey. (Int -2) [potion of mutation]
  5702 | D:6      | Reached skill level 7 in Unarmed Combat
  5908 | D:6      | Reached skill level 1 in Translocations
  6293 | D:6      | Reached skill level 1 in Charms
  6483 | D:6      | Reached skill level 5 in Fighting
  6614 | D:6      | Reached ***** piety under Cheibriados
  6752 | D:7      | Found a stormy altar of Qazlal.
  6760 | D:7      | Reached XP level 9. HP: 58/61 MP: 12/12
  6995 | D:7      | Reached skill level 8 in Unarmed Combat
  7433 | D:7      | Found a glowing golden altar of the Shining One.
  7778 | D:8      | Noticed Grum
  7800 | D:8      | Killed Grum
  8111 | D:8      | Found a staircase to the Lair.
  8162 | D:8      | Reached XP level 10. HP: 66/68 MP: 15/15
  8308 | D:8      | Learned a level 5 spell: Fireball
  8743 | D:9      | Reached skill level 1 in Conjurations
  9037 | D:9      | Reached ****** piety under Cheibriados
  9042 | D:9      | Found Yfeid's Gadget Shop.
  9074 | D:9      | Reached skill level 9 in Unarmed Combat
  9711 | D:9      | Found Yroad's Book Emporium.
  9711 | D:9      | Found Vupuiful's Gadget Emporium.
  9718 | D:9      | Bought a book of Minor Magic for 260 gold pieces
  9721 | D:9      | Learned a level 2 spell: Repel Missiles
  9995 | D:10     | Entered Level 10 of the Dungeon
 10192 | D:10     | Noticed a hill giant
 10200 | D:10     | Killed a hill giant
 10481 | D:10     | Found Poocyan's General Store.
 10558 | D:10     | Bought a scroll of identify for 34 gold pieces
 10558 | D:10     | Bought a scroll of identify for 34 gold pieces
 10848 | D:10     | Reached XP level 11. HP: 71/74 MP: 17/17
 11049 | D:10     | Reached skill level 10 in Unarmed Combat
 11417 | D:11     | Noticed Erolcha
 11418 | D:11     | Found a staircase to the Orcish Mines.
 11424 | D:11     | Killed Erolcha
 11425 | D:11     | Found Oroa's Weapon Shop.
 11585 | D:11     | Reached skill level 5 in Charms
 11768 | D:11     | Noticed Sonja
 11774 | D:11     | Killed Sonja
 11825 | D:11     | Reached skill level 10 in Stealth
 11834 | D:11     | Reached skill level 5 in Spellcasting
 11850 | D:11     | Learned a level 3 spell: Conjure Flame
 11888 | D:11     | Got a sparkling brass amulet
 12185 | D:11     | Noticed a hill giant
 12196 | D:11     | Killed a hill giant
 12196 | D:11     | Reached skill level 11 in Unarmed Combat
 12196 | D:11     | Reached XP level 12. HP: 10/81 MP: 19/19
 12597 | D:11     | Learned a level 3 spell: Mephitic Cloud
 12672 | D:11     | Slain by a centaur

Action                   |  1- 3 |  4- 6 |  7- 9 | 10-12 || total
-------------------------+-------+-------+-------+-------++-------
Melee: Unarmed           |    86 |   168 |   202 |   319 ||   775
 Cast: Shroud of Golubri |       |       |     4 |    11 ||    15
       Blink             |       |       |     2 |       ||     2
       Repel Missiles    |       |       |       |     3 ||     3
       Mephitic Cloud    |       |       |       |     3 ||     3
 Abil: Evoke Invisibilit |       |       |       |     2 ||     2
Evoke: Wand              |       |    10 |     3 |     3 ||    16
  Use: Scroll            |       |     2 |    11 |     8 ||    21
       Potion            |       |     2 |     8 |     2 ||    12
 Stab: Sleeping          |    18 |    22 |    21 |    25 ||    86
       Distracted        |       |       |     3 |       ||     3
       Invisible         |       |       |       |    22 ||    22
       Confused          |       |       |       |     3 ||     3
  Eat: Chunk             |     2 |     6 |       |     6 ||    14
       Fruit             |       |     3 |       |       ||     3
       Beef jerky        |       |     3 |       |     2 ||     5
       Royal jelly       |       |     1 |       |       ||     1
       Pizza             |       |     1 |       |       ||     1
